Unix NetHack Version 5.0.0-0 post-release - last build May 17 2026 04:57:42 (dc50c8380fa5e20985bfe3072449f57b8d9895ef,branch:main).

Game began 2026-05-19 04:22:23, ended 2026-05-19 04:41:43.

Brudee, chaotic female human Monk

   -----                ---------------
   |>..|      -----     |.............|
   |...|      |...|     |...<....^.@a..#            -------
   |....#     |...|     |..........eo.|#            |.....|
   |...|#     |`...###  ------------.--#         ###......|
   |...|#     ---.-  #             ##  #         #  |......#######  ---------
   -----#        #   #             #   ###       #  --.----      ###|.%%%%%%|
        #        #   #          ####     #       #    #            #|.%%%%%%|
        #        #   ## #########        #      ##    #            #|.%%%!%%|
      ###       ##    #-|---------       #     ##     #            #-.%.%%%%|
      #---------.-    #|...h.....|        ######      #             |.%!.%%]|
      #|.........|    #-.........|        ## #        #             ---------
      #-.........|     |..........#########  #####    ##
       |..(......|     |.........|               #     #
       -----------     -----------               ##----.-
                                                  #|....|
                                                  #.....|
                                                   ------

Brudee the Initiate             St:17 Dx:14 Co:15 In:9 Wi:11 Ch:10  Chaotic S:2265
Dlvl:3  $:61 HP:0(39) Pw:38(38) AC:3  Xp:6/446 T:3108 

Latest messages:
 The scroll turns to dust as you pick it up.
 Call a scroll labeled PHOL ENDE WODAN: SCARE MONSTER
 o - an uncursed scroll labeled STRC PRST SKRZ KRK.
 R - a blessed scroll of confuse monster.
 Y - a cursed scroll of identify.
 S - an uncursed gold spellbook.
 Q - an uncursed cloudy potion.
 k - an uncursed murky potion.
 h - an uncursed bag of tricks.
 Z - an uncursed flute.
 O - an uncursed magic whistle.
 Really step into that hole? [yn] (n) n
 Really step into that hole? [yn] (n) n
 Really save? [yn] (n) n
 You kill the jackal!
 What do you want to use or apply? [h-jqEOSZ or ?*] ?
 A floating eye suddenly appears next to you!
 What do you want to wield? [- pvx or ?*] ?
 What do you want to wield? [- pvx or ?*] <space>
 Never mind.
 What do you want to throw? [$pvx or ?*] x
 In what direction? j
 The silver saber hits the floating eye.
 What do you want to throw? [$pv or ?*] ?
 In what direction? j
 You aren't wielding a bow, so you throw your arrow by hand.
 The arrow hits the floating eye.
 What do you want to ready? [$v or ?*] f
 f - 5 uncursed apples (at the ready).
 You hit the floating eye!
 You are frozen by the floating eye's gaze!
 The hobgoblin wields a crude dagger!
 The crude dagger welds itself to the hobgoblin's hand!
 The hobgoblin thrusts her crude dagger.
 The hobgoblin just misses!
 The hobgoblin thrusts her crude dagger.
 The hobgoblin hits!
 The hobgoblin thrusts her crude dagger.
 The hobgoblin hits!
 The hobgoblin thrusts her crude dagger.
 The hobgoblin hits!
 The hobgoblin thrusts her crude dagger.
 The hobgoblin hits!
 The hobgoblin thrusts her crude dagger.
 The hobgoblin hits!
 The giant ant bites!
 The giant ant bites!
 You die...
 Do you want your possessions identified? [ynq] (y) y
 Do you want to see your attributes? [ynq] (y) q

Inventory:
 Coins    ('$')
  $ - 61 gold pieces
 Weapons  (')')
  p - 8 +0 arrows
  v - the fireproof +3 Sting
 Armor    ('[')
  s - an uncursed +0 orcish helm (being worn)
  a - an uncursed +2 pair of leather gloves (being worn)
  b - an uncursed +1 robe (being worn)
 Comestibles  ('%')
  f - 5 uncursed apples (at the ready)
  e - an uncursed food ration
  g - 6 uncursed oranges
  U - an uncursed tripe ration
  w - an uncursed tin of candied sewer rat meat
  G - an uncursed tin of smoked goblin meat
 Scrolls  ('?')
  r - an uncursed scroll of blank paper
  R - a blessed scroll of confuse monster
  c - an uncursed scroll of confuse monster
  N - a cursed scroll of confuse monster
  o - an uncursed scroll of earth
  W - an uncursed scroll of enchant weapon
  Y - a cursed scroll of identify
  H - a cursed scroll of remove curse
 Spellbooks  ('+')
  S - an uncursed spellbook of chain lightning
  E - an uncursed spellbook of identify
  i - a blessed spellbook of protection
 Potions  ('!')
  d - an uncursed potion of healing
  M - an uncursed potion of monster detection
  m - an uncursed potion of polymorph
  Q - an uncursed potion of see invisible
  k - an uncursed potion of sickness
 Rings    ('=')
  L - a cursed +1 ring of gain constitution
  X - an uncursed ring of teleport control (on right hand)
 Tools    ('(')
  h - a bag of tricks (0:5)
  Z - a magic flute (0:5)
  j - an uncursed lock pick
  q - an uncursed lock pick
  O - an uncursed magic whistle

Brudee the Monk's attributes:

Background:
 You were an Initiate, a level 6 female human Monk.
 You were chaotic, on a mission for Huan Ti
 who was opposed by Shan Lai Ching (lawful) and Chih Sung-tzu (neutral).
 You were left-handed.
 You were in the Dungeons of Doom, on level 3.
 You entered the dungeon 3108 turns ago.
 It was nighttime.
 There was a new moon in effect when your adventure ended.
 You had 446 experience points, 194 more were needed to attain level 7.
 Your score was 2265 before end-of-game adjustments.

Basics:
 You had 0 out of 39 hit points.
 You had all 38 energy points (spell power).
 Your armor class was 3.
 Your wallet contained 61 zorkmids.
 Autopickup was on for '$!=+?/"' plus thrown.

Final Characteristics:
 Your strength was 17 (limit:18/100).
 Your dexterity was 14 (peak:15, limit:18).
 Your constitution was 15 (limit:18).
 Your intelligence was 9 (limit:18).
 Your wisdom was 11 (limit:18).
 Your charisma was 10 (limit:18).

Final Status:
 You weren't hungry.
 You were unencumbered.
 You were empty handed.
 You were skilled in martial arts.

Final Attributes:
 You were piously aligned.
 You were sleep resistant.
 You were poison resistant.
 You saw invisible.
 You were stealthy.
 You had teleport control.
 You were guarded.
 Your spell casting was enhanced by wearing a robe.
 You were fast.
 You were lucky.
 You are dead.

Miscellaneous:
 You didn't encounter any bones levels.
 Total elapsed playing time was 19 minutes and 19 seconds.

Major events:
 Turn
    1: Brudee the chaotic female human Monk entered the dungeon
 1212: entered the Gnomish Mines
 1213: attained the rank of Novice (level 3)
 2538: attained the rank of Initiate (level 6)
 3070: was bestowed with Sting by Huan Ti
 3108: killed by a giant ant, while frozen by a floating eye's gaze

Spells:
 Name                 Level Category     Fail Retention
 protection             1   clerical       0%  76%-100%

Skills:
 Fighting Skills
   martial arts       [Skilled]
 Weapon Skills
   dagger             [Unskilled]
   quarterstaff       [Unskilled]
   spear              [Unskilled]
   crossbow           [Unskilled]
   shuriken           [Unskilled]
 Spellcasting Skills
   attack spells      [Unskilled]
   healing spells     [Basic]
   divination spells  [Unskilled]
   enchantment spells [Unskilled]
   clerical spells    [Unskilled]
   escape spells      [Unskilled]
   matter spells      [Unskilled]

Voluntary challenges:
 Character rerolling was not enabled.
 You were vegetarian.
 You never hit with a wielded weapon.
 You never genocided any monsters.
 You never polymorphed an object.
 You never changed form.
 You used no wishes.
Achievements:
 You entered a shop.
 You entered the Gnomish Mines.
 You attained the rank of Novice.
 You attained the rank of Initiate.

 The Dungeons of Doom: levels 1 to 9
    Level 1:
    Level 2:
       A fountain, many trees.
    Level 3: <- You were here.
       A food shop, an altar to Huan Ti.
       Final resting place for
          you, killed by a giant ant, while frozen by a floating eye's gaze.
    Level 4:
       Stairs down to The Gnomish Mines.
    Level 5:
       A fountain.
    Level 6:
       Many fountains.
    Level 7:
       A sink.
    Level 8:
       A throne.
    Level 9:
 The Gnomish Mines:
    Level 5:


Vanquished creatures:
  a gold golem
  a dwarf leader
  a raven
  a snake
  2 bugbears
  3 wood nymphs
  5 giant ants
  a little dog
  a dwarf
  2 kobold leaders
  a rothe
  3 iguanas
 an acid blob
  2 gas spores
  a large kobold
  5 hobgoblins
  a giant rat
  4 cave spiders
  a yellow mold
  a green mold
  a gnome
  3 garter snakes
  a gnome zombie
  2 geckos
  4 jackals
  3 goblins
  5 grid bugs
  3 bats
  4 lichens
  2 kobold zombies
  5 newts
71 creatures vanquished.

No species were genocided or became extinct.

Game over:
                       ----------
                      /          \
                     /    REST    \
                    /      IN      \
                   /     PEACE      \
                  /                  \
                  |      Brudee      |
                  |      61 Au       |
                  |   killed by a    |
                  |    giant ant     |
                  |                  |
                  |                  |
                  |       2026       |
                 *|     *  *  *      | *
        _________)/\\_//(\/(/\)/\//\/|_)_______

Goodbye Brudee the Monk...

You died in The Dungeons of Doom on dungeon level 3 with 2259 points,
and 61 pieces of gold, after 3108 moves.
You were level 6 with a maximum of 39 hit points when you died.

